 Dungeon Crawl Stone Soup version 0.17.1-1-g73c8601 (console) character file.

3634 Kloppie the Fighter (level 9, 0/82 HPs)
             Began as a Centaur Gladiator on Dec 25, 2015.
             Was a Believer of Makhleb.
             Shot with a bolt by an orc warrior (5 damage)
             ... in a bailey.
             The game lasted 00:13:46 (9047 turns).

Kloppie the Fighter (Centaur Gladiator)             Turns: 9047, Time: 00:13:46

Health: 0/82       AC: 18    Str: 17    XL:     9   Next: 87%
Magic:  9/9        EV: 10    Int:  7    God:    Makhleb [**....]
Gold:   234        SH:  0    Dex: 14    Spells: 0 memorised, 8 levels left

rFire  . . .     SeeInvis .     b - +1 halberd
rCold  . . .     Clarity  +     E - +0 plate armour
rNeg   . . .     SustAt   .     (shield currently unavailable)
rPois  .         Gourm    .     c - +0 helmet
rElec  .         Spirit   .     g - +1 cloak
rCorr  .         Warding  .     (no gloves)
rMut   .         Stasis   .     (no barding)
MR     .....                    u - amulet of clarity
Stlth  ..........               y - +6 ring of evasion
                                k - +4 ring of protection

@: very quick, not resistant to hostile enchantments, extremely unstealthy
A: hooves 3, deformed body, speed 2, tough skin 3
a: Minor Destruction, Renounce Religion


You were in a bailey.
You worshipped Makhleb.
Makhleb was pleased with you.
You were hungry.

You visited 2 branches of the dungeon, and saw 10 of its levels.
You also visited: Bailey.

You collected 284 gold pieces.
You spent 50 gold pieces at shops.

Inventory:

Hand Weapons
 a - a +0 trident
 b - a +1 halberd (weapon)
Armour
 c - a +0 helmet (worn)
 g - a +1 cloak (worn)
 E - a +0 plate armour (worn)
Jewellery
 k - a +4 ring of protection (left hand)
 s - an uncursed ring of wizardry
 u - an amulet of clarity (around neck)
 y - a +6 ring of evasion (right hand)
 H - an uncursed ring of positive energy
Wands
 f - a wand of enslavement (13)
 F - a wand of paralysis (7)
Scrolls
 d - 2 scrolls of magic mapping
 h - 2 scrolls of teleportation
 q - 2 scrolls of recharging
 t - 3 scrolls of identify
 w - a scroll of fog
 x - a scroll of remove curse
 B - 3 scrolls of enchant armour
Potions
 j - a potion of magic
 p - a potion of cure mutation
 r - 4 potions of curing {unknown}
 z - a potion of might {unknown}
 A - 2 potions of flight
 D - 2 potions of ambrosia {unknown}
Books
 i - a book of Death

   Spells                             Type                      Level
   a - Corpse Rot                     Necromancy                   2
   b - Sublimation of Blood           Necromancy                   2
   c - Agony                          Necromancy                   5
   d - Dispel Undead                  Necromancy                   5
   e - Excruciating Wounds            Charms/Necromancy            5
   f - Bolt of Draining               Conjuration/Necromancy       5
 m - a book of the Sky

   Spells                             Type                      Level
   a - Summon Lightning Spire         Summoning/Air                4
   b - Airstrike                      Air                          4
   c - Silence                        Hexes/Air                    5
   d - Deflect Missiles               Charms/Air                   6
   e - Conjure Ball Lightning         Conjuration/Air              6
   f - Tornado                        Air                          9
 o - a book of Changes

   Spells                             Type                      Level
   a - Beastly Appendage              Transmutation                1
   b - Sticks to Snakes               Transmutation                2
   c - Spider Form                    Transmutation/Poison         3
   d - Ice Form                       Ice/Transmutation            4
   e - Blade Hands                    Transmutation                5
 v - a book of Annihilations

   Spells                             Type                      Level
   a - Poison Arrow                   Conjuration/Poison           6
   b - Chain Lightning                Conjuration/Air              8
   c - Lehudib's Crystal Spear        Conjuration/Earth            8
   d - Glaciate                       Conjuration/Ice              9
   e - Fire Storm                     Conjuration/Fire             9
Comestibles
 e - 3 bread rations
 l - a slice of pizza
 C - 2 meat rations


   Skills:
 + Level 8.7 Fighting
 + Level 8.2 Polearms
 - Level 2.1 Throwing
 + Level 5.7 Armour
 - Level 2.1 Dodging


You had 8 spell levels left.
You didn't know any spells.

Dungeon Overview and Level Annotations

Branches:
Dungeon (9/15)             Temple (1/1) D:4
   Lair: D:8-11         Orc: D:9-12

Altars:
Ashenzari
Cheibriados
Dithmenos
Elyvilon
Fedhas
Gozag
Kikubaaqudgha
Makhleb
Nemelex Xobeh
Okawaru
Qazlal
Sif Muna
Trog
Vehumet
Xom
Yredelemnul
Zin
The Shining One

Shops:
D:4 (   D:7 ![*!

Annotations:
D:6 Eustachio


Innate Abilities, Weirdness & Mutations

You have hooves in place of feet.
Armour fits poorly on your strangely shaped body.
You cover ground very quickly.
You have extremely tough skin (AC +3).


Message History

Press: ? - help, Dir - move target cursor, f/p - orc warrior
Aim: an orc warrior, wielding an arbalest and wearing a chain mail (lightly wounded)
You reach to attack!
You hit the orc warrior.
The orc warrior is lightly wounded.
Attack whom?
Press: ? - help, Dir - move target cursor, f/p - orc warrior
Aim: an orc warrior, wielding an arbalest and wearing a chain mail (lightly wounded)
You reach to attack!
You closely miss the orc warrior.
The orc warrior is lightly wounded.
The orc warrior shoots a bolt.
The bolt hits you!
* * * LOW HITPOINT WARNING * * *
Drink which item? (? for menu, Esc to quit)
Okay, then.
Read which item? (? for menu, Esc to quit)
Okay, then.
The orc warrior shoots a bolt.
The bolt hits you!
* * * LOW HITPOINT WARNING * * *
You see here a bolt.
The orc warrior shoots a bolt.
The bolt hits you.
You die...

## ### ##.#
#########∩##
#}..##.....##.∩.# ...
#%..#..≈≈≈..#(..#..≈≈
#...#.≈≈.≈≈..(....≈≈o≈
#...)o≈..)≈(....(.≈ooo
#(..#o≈≈)≈≈.......≈≈o≈
#..o#(.≈≈≈.@#..(#..≈≈≈
#...##(....##...##....
##.# #########∩## ####
## ###


You could see an orc warrior and an orc.

Vanquished Creatures
  Joseph (D:8)
  A hippogriff (D:7)
  Menkaure (D:7)
  A water moccasin (D:7)
  3 sky beasts
  A black bear (D:8)
  7 orc warriors
  An ice beast (D:8)
  An ogre (D:4)
  A phantom (D:5)
  2 centaurs
  5 giant frogs
  A water moccasin skeleton (D:8)
  3 scorpions
  A hound (D:8)
  2 quasits (D:7)
  A giant frog zombie (D:7)
  2 jellies
  An orc wizard (D:7)
  4 orc priests (D:7)
  2 giant frog skeletons
  Jessica (D:2)
  8 worker ants
  4 iguanas
  A hound zombie (D:7)
  A hound skeleton (D:7)
  8 gnolls
  7 adders
  An ooze (D:4)
  An adder zombie (D:7)
  A worm (D:3)
  7 giant geckos
  21 orcs
  4 ball pythons
  4 bats
  3 giant cockroaches
  6 hobgoblins
  5 jackals
  2 quokkas (D:7)
  A giant gecko skeleton (D:4)
  A giant newt (D:2)
  12 goblins
  7 kobolds
  11 rats
159 creatures vanquished.

Notes
Turn   | Place    | Note
--------------------------------------------------------------
     0 | D:1      | Kloppie the Centaur Gladiator began the quest for the Orb.
     0 | D:1      | Reached XP level 1. HP: 17/17 MP: 1/1
   122 | D:1      | Reached skill level 3 in Polearms
   122 | D:1      | Reached XP level 2. HP: 20/25 MP: 2/2
   882 | D:2      | Reached XP level 3. HP: 26/30 MP: 3/3
  1284 | D:2      | Noticed Jessica
  1290 | D:2      | Killed Jessica
  1290 | D:2      | Reached XP level 4. HP: 39/39 MP: 4/4
  2063 | D:3      | Reached skill level 4 in Fighting
  2309 | D:3      | Found an opulent altar of Gozag.
  2370 | D:4      | Reached XP level 5. HP: 40/46 MP: 5/5
  2517 | D:4      | Found Miuty's Weapon Shoppe.
  2549 | D:4      | Found a staircase to the Ecumenical Temple.
  2626 | Temple   | Entered the Ecumenical Temple
  2722 | Temple   | Became a worshipper of Makhleb the Destroyer
  2819 | D:4      | Noticed a sky beast
  2839 | D:4      | Killed a sky beast
  2839 | D:4      | Reached skill level 1 in Armour
  2839 | D:4      | Reached XP level 6. HP: 43/53 MP: 6/6
  3293 | D:4      | Found a sparkling altar of Nemelex Xobeh.
  3530 | D:4      | Reached skill level 5 in Fighting
  3551 | D:5      | Entered Level 5 of the Dungeon
  3694 | D:4      | Reached skill level 5 in Polearms
  3694 | D:4      | Reached XP level 7. HP: 42/61 MP: 7/7
  4121 | D:5      | Reached * piety under Makhleb
  4390 | D:6      | Noticed Eustachio
  4731 | D:7      | Found Eti Ysae's Distillery.
  4739 | D:7      | Bought a potion of poison for 14 gold pieces
  4780 | D:7      | Found Zuijog's Antique Armour Shop.
  4809 | D:7      | Reached skill level 6 in Fighting
  4814 | D:7      | Reached XP level 8. HP: 33/70 MP: 8/8
  5027 | D:7      | Found Pibeitwu's Distillery.
  5310 | D:7      | Noticed Menkaure
  5319 | D:7      | Killed Menkaure
  5507 | D:7      | Reached skill level 7 in Fighting
  6086 | D:7      | Found Ybbienn's Assorted Antiques.
  6099 | D:7      | Reached XP level 9. HP: 18/79 MP: 9/9
  6372 | D:7      | Bought a scroll labeled YGOSAX NESEUBU for 36 gold pieces
  6450 | D:7      | Reached ** piety under Makhleb
  7236 | D:8      | Reached skill level 5 in Armour
  7412 | D:8      | Reached skill level 8 in Fighting
  7554 | D:8      | Noticed Joseph
  7569 | D:8      | Killed Joseph
  7879 | D:8      | Found a deep blue altar of Sif Muna.
  7879 | D:8      | Found a glowing silver altar of Zin.
  7880 | D:8      | Found an ancient bone altar of Kikubaaqudgha.
  7881 | D:8      | Found a bloodstained altar of Trog.
  7884 | D:8      | Found a radiant altar of Vehumet.
  8152 | D:9      | Found a flagged portal.
  8172 | Bailey   | Entered a bailey
  9042 | Bailey   | HP: 4/82 [orc warrior/bolt (17)]
  9047 | Bailey   | Shot with a bolt by an orc warrior

Action                   |  1- 3 |  4- 6 |  7- 9 || total
-------------------------+-------+-------+-------++-------
Melee: Trident           |   100 |   135 |       ||   235
       Halberd           |       |    38 |   433 ||   471
Throw: Throwing net      |       |     4 |     2 ||     6
Evoke: Wand              |       |       |     3 ||     3
  Use: Scroll            |       |     5 |    11 ||    16
 Stab: Paralysed         |       |       |     5 ||     5
  Eat: Chunk             |       |     7 |    13 ||    20
       Pizza             |       |       |     1 ||     1
